 Dungeon Crawl Stone Soup version 0.30.0-10-gfe55d96785 (webtiles) character file.

Game seed: 18127318152347179841

3112 sasquatch the Marksminotaur (level 9, -2/62 (68) HPs)
             Began as a Minotaur Hunter on May 14, 2023.
             Was a Priest of Uskayaw.
             Slain by an orc warlord
             ... wielding a +3 broad axe
              (17 damage)
             ... in a bailey.
             The game lasted 00:11:46 (5400 turns).

sasquatch the Marksminotaur (Minotaur Hunter)       Turns: 5400, Time: 00:11:47

HP:   -2/62 (68)    AC:  7    Str: 16    XL:     9   Next: 60%
MP:   8/8           EV: 12    Int:  6    God:    Uskayaw [***...]
Gold: 367           SH:  0    Dex: 18    Spells: 8/8 levels left

rFire   . . .        b - +7 Throatcutter {drain, coup de grace}
rCold   + . .        (no shield)
rNeg    + . .        w - +3 leather armour {rN+}
rPois   .            (helmet restricted)
rElec   .            (no cloak)
rCorr   +            p - +0 pair of gloves
SInv    .            (no boots)
Will    .....        (no amulet)
Stlth   ++           n - ring of protection from cold
HPRegen 0.30/turn    A - ring of resist corrosion
MPRegen 0.11/turn

%: no passive effects
@: hasted, drained, very quick
A: horns 2, retaliatory headbutt
a: Renounce Religion, Stomp, Line Pass


You were in a bailey.
You worshipped Uskayaw.
Uskayaw was noncommittal.
You visited 2 branches of the dungeon, and saw 8 of its levels.
You also visited: Bailey.

You collected 367 gold pieces.

Inventory:

Hand Weapons
 a - a +0 shortbow
 b - the +7 Throatcutter (weapon) {drain, coup de grace}
   (You found it on level 3 of the Dungeon)
 q - a +2 dagger of venom
Missiles
 u - 5 poisoned darts
Armour
 p - a +0 pair of gloves (worn)
 w - a +3 leather armour of positive energy (worn)
Jewellery
 n - a ring of protection from cold (left hand)
 A - a ring of resist corrosion (right hand)
 C - a ring of protection from fire
Wands
 t - a wand of iceblast (7)
Scrolls
 d - 5 scrolls of teleportation
 e - 4 scrolls of fear
 i - 2 scrolls of poison
 m - 2 scrolls of blinking
 r - 4 scrolls of immolation
 x - a scroll of torment
 y - a scroll of amnesia
Potions
 c - a potion of cancellation {unknown}
 f - a potion of berserk rage
 h - a potion of ambrosia
 j - 2 potions of curing
 k - a potion of invisibility {unknown}
 l - a potion of flight {unknown}
 o - 4 potions of brilliance
 s - 2 potions of experience {unknown}
 v - a potion of degeneration {unknown}
 B - 3 potions of mutation


   Skills:
 - Level 2.4 Fighting
 + Level 15.1 Ranged Weapons
 - Level 2.1 Dodging
 - Level 0.7 Stealth


You had 8 spell levels left.
You didn't know any spells.
Your spell library contained the following spells:

 Spells                   Type           Power      Damage    Failure   Level
 Blink                    Tloc           0%         N/A       67%         2
 Cigotuvi's Dreadful Rot  Necr/Pois/Air  0%         N/A       67%         2
 Lesser Beckoning         Tloc           0%         N/A       67%         2
 Momentum Strike          Conj/Tloc      0%         3d8       67%         2
 Call Canine Familiar     Summ           0%         N/A       88%         3
 Ignite Poison            Fire/Tmut/Pois 0%         N/A       88%         3
 Ozocubu's Armour         Ice            0%         N/A       88%         3
 Portal Projectile        Hex/Tloc       0%         N/A       88%         3
 Animate Armour           Summ/Erth      0%         N/A       99%         4
 Leda's Liquefaction      Hex/Erth       0%         N/A       99%         4
 Blade Hands              Tmut           0%         N/A       100%        5
 Freezing Cloud           Conj/Ice/Air   0%         6-21      100%        5
 Metabolic Englaciation   Hex/Ice        0%         N/A       100%        5
 Iron Shot                Conj/Erth      0%         9d1       100%        6
 Simulacrum               Ice/Necr       0%         N/A       100%        6


Dungeon Overview and Level Annotations

Branches:
Dungeon (7/15)             Temple (1/1) D:5          Bailey (1/1)

Altars:
Dithmenos
Fedhas
Gozag
Hepliaklqana
Kikubaaqudgha
Nemelex Xobeh
Okawaru
Qazlal
Trog
Uskayaw
Wu Jian
Zin
The Shining One

Shops:
D:4 [


Innate Abilities, Weirdness & Mutations

You have a pair of horns on your head.
You reflexively headbutt those who attack you in melee.


Message History

You hit the orc warlord but do no damage.
You drain the orc warlord. You headbutt the orc warlord.
The orc warlord is heavily wounded.
The gnoll splashes around in the water.
The orc warlord hits you with a +3 broad axe!
You slash the orc warlord! You drain the orc warlord!
The orc warlord is severely wounded.
The gnoll barely misses you.
The orc warlord hits you with a +3 broad axe!
You slash the orc warlord! You drain the orc warlord.
You headbutt the orc warlord, but do no damage.
The orc warlord is severely wounded.
The gnoll splashes around in the water.
The orc warlord splashes around in the water.
Uskayaw will force your foes to helplessly watch your dance.
Uskayaw prepares the audience for your solo!
The helpless orc warlord fails to defend itself.
You hit the orc warlord but do no damage.
You drain the orc warlord.
The orc warlord is severely wounded.
The orc warlord is no longer paralysed.
The orc warlord barely misses you. You furiously retaliate!
You headbutt the orc warlord. You barely miss the orc warlord.
Your headbutt misses the orc warlord.
The orc warlord is almost dead.
The gnoll is no longer paralysed.
The gnoll hits you but does no damage. You partially resist.
The orc warlord splashes around in the water.
You barely miss the orc warlord.
The orc warlord is almost dead.
The gnoll hits you with a +2 flail of draining!
You partially resist.
You feel drained.
The orc warlord splashes around in the water.
Okay, then.
You closely miss the orc warlord.
The orc warlord is almost dead.
The gnoll hits you with a +2 flail of draining.
* * * LOW HITPOINT WARNING * * *
You partially resist.
You feel drained.
The orc warlord hits you with a +3 broad axe!
You die...

##..8..8...#~~~~~#......
#..........#~)~~)#......
#..........'.).()'....8.
#...8......#########....
##......####~~~#~~~##.))
##.....#~~#~.....)~#...
##....#~........?~#...
#...##~8.8...8.8##...
#...@o~.........#....
#...'g~....∩....#....
#...'~~.........#....
#...##~8.8...8.8##...
##....#~........?g#(..
##.....#~~#~.....)~#...
##......####~~~#~~~##...
#...8......#########....
#..........'....))((..8.


You could see an orc warlord (drained) and a gnoll.

Vanquished Creatures
  An orc knight (Bailey)
  Grinder (D:3)
  Sigmund (D:3)
  Eustachio (D:4)
  Menkaure (D:3)
  Duvessa (D:4)
  2 orc warriors (Bailey)
  An ice beast (D:7)
  2 black bears (D:6)
  A sky beast (D:6)
  2 ogres
  A phantom (D:6)
  2 scorpions
  Dowan (D:4)
  3 killer bees (D:7)
  A howler monkey (D:6)
  9 hounds
  4 jellies
  2 orc priests
  An iguana (D:5)
  3 orc wizards
  Ijyb (D:3)
  Robin (D:3)
  2 gnolls (Bailey)
  6 adders
  2 shadow imps
  2 ufetubi
  2 worms
  2 dart slugs (D:1)
  27 orcs
  10 ball pythons
  4 bats
  8 endoplasms
  2 giant cockroaches
  23 goblins
  11 hobgoblins
  2 quokkas
  19 kobolds
  5 rats
170 creatures vanquished.

Notes
Turn   | Place    | Note
-------+----------+-------------------------------------------
     0 | D:1      | sasquatch the Minotaur Hunter began the quest for the Orb.
     0 | D:1      | Reached XP level 1. HP: 18/18 MP: 0/0
    73 | D:1      | Reached XP level 2. HP: 25/25 MP: 1/1
    97 | D:1      | Reached skill level 5 in Ranged Weapons
   127 | D:1      | Found a faded altar of an unknown god.
   848 | D:2      | Reached XP level 3. HP: 30/30 MP: 2/2
  1386 | D:3      | Reached skill level 6 in Ranged Weapons
  1396 | D:3      | Found the +7 Throatcutter {drain, coup de grace}
  1444 | D:3      | Noticed Grinder
  1450 | D:3      | Killed Grinder
  1451 | D:3      | Reached skill level 8 in Ranged Weapons
  1451 | D:3      | Reached XP level 4. HP: 28/37 MP: 3/3
  1451 | D:3      | Reached XP level 5. HP: 31/42 MP: 4/4
  1451 | D:3      | Reached XP level 6. HP: 37/50 MP: 5/5
  1520 | D:3      | Noticed Ijyb
  1535 | D:3      | Killed Ijyb
  1605 | D:3      | Noticed Robin
  1674 | D:3      | Killed Robin
  1953 | D:3      | Noticed Sigmund
  1972 | D:3      | Killed Sigmund
  1973 | D:3      | Reached skill level 9 in Ranged Weapons
  2154 | D:4      | Noticed Duvessa
  2154 | D:4      | Noticed Dowan
  2154 | D:4      | Noticed Menkaure
  2163 | D:3      | Killed Menkaure
  2164 | D:3      | Reached XP level 7. HP: 37/56 MP: 6/6
  2213 | D:4      | Killed Duvessa
  2214 | D:4      | Reached skill level 10 in Ranged Weapons
  2305 | D:4      | Killed Dowan
  2668 | D:4      | Reached skill level 11 in Ranged Weapons
  2676 | D:4      | Reached XP level 8. HP: 61/62 MP: 7/7
  2695 | D:4      | Noticed Eustachio
  2703 | D:4      | Killed Eustachio
  2803 | D:4      | Found Ububbyic's Antique Armour Boutique.
  2942 | D:5      | Entered Level 5 of the Dungeon
  3258 | D:5      | Found a staircase to the Ecumenical Temple.
  3267 | Temple   | Entered the Ecumenical Temple
  3425 | Temple   | Became a worshipper of Uskayaw the Reveller
  3470 | D:5      | Reached * piety under Uskayaw
  3474 | D:5      | Reached ** piety under Uskayaw
  3475 | D:5      | Reached skill level 12 in Ranged Weapons
  3958 | D:6      | Found a bloodstained altar of Trog.
  4008 | D:6      | Reached *** piety under Uskayaw
  4013 | D:6      | Reached **** piety under Uskayaw
  4102 | D:6      | Reached skill level 13 in Ranged Weapons
  4298 | D:6      | Reached XP level 9. HP: 68/68 MP: 8/8
  4944 | D:7      | Reached skill level 14 in Ranged Weapons
  4973 | D:7      | Found a flagged portal.
  4982 | Bailey   | Entered a bailey
  4995 | Bailey   | Noticed an orc warlord
  5020 | Bailey   | Noticed an orc knight
  5039 | Bailey   | Killed an orc knight
  5231 | Bailey   | Reached skill level 15 in Ranged Weapons
  5264 | Bailey   | Found a runed translucent gate.
  5268 | Bailey   | Found a runed translucent gate.
  5269 | Bailey   | Found a runed translucent gate.
  5400 | Bailey   | Slain by an orc warlord

Illustrated notes

Levels and vault maps discovered:
D:1:      elethiomel_arrival_quiet, layout_basic, basic_ecumenical_altar,
          nicolae_concentric_dashed_squares_mild
D:2:      layout_basic, serial_bayou_pond_a
D:3:      layout_rooms, uniq_ijyb, uniq_sigmund, uniq_grinder, uniq_robin
D:4:      layout_rooms, serial_shops, shop, nicolae_figureground_sparkle,
          uniq_duvessa, uniq_menkaure, uniq_eustachio
D:5:      layout_basic, minmay_temple_entry_trees, minmay_curled_crystal,
          grunt_decor_cap
D:6:      layout_cave_pods, overflow_temple_1_default, serial_bayou_pond_d
D:7:      layout_loops_ring, lemuel_tele_altar, gammafunk_ghost_cemetery,
          enter_bailey_2
Temple:   hellmonk_temple_flake
Bailey:   bailey_axe_bossmonster_kennysheep, bailey

Skill      XL: |  1  2  3  4  5  6  7  8  9 |
---------------+----------------------------+-----
Ranged Weapons | 5 8 9 11 13 15 | 15.1
Fighting       | |  2.4
Dodging        | |  2.1
Stealth        | |  0.7

Action                     |  1- 3 |  4- 6 |  7- 9 || total
---------------------------+-------+-------+-------++-------
  Melee: Long sword        |     2 |    35 |    92 ||   129
         Headbutt          |       |     4 |    17 ||    21
   Fire: Shortbow          |    92 |    26 |   241 ||   359
    Use: Potion            |       |     2 |     4 ||     6
         Scroll            |       |       |    13 ||    13
   Stab: Paralysed         |       |       |     7 ||     7
         Sleeping          |       |       |     1 ||     1
 Armour: Leather armour    |     4 |       |    46 ||    50
         Ring mail         |     1 |    19 |       ||    20
  Dodge: Dodged            |    20 |    26 |    76 ||   122
